 Dungeon Crawl Stone Soup version 0.29.1-2-gbd0b4ee654 (webtiles) character file.

Game seed: 8062601568037620658

93 GorkyZ the Ducker (level 4, -1/34 HPs)
             Began as a Demonspawn Gladiator on Nov 20, 2022.
             Succumbed to a scorpion's poison
             ... on level 4 of the Dungeon.
             The game lasted 00:05:30 (2507 turns).

GorkyZ the Ducker (Demonspawn Gladiator)            Turns: 2507, Time: 00:05:31

Health: -1/34      AC: 17    Str: 16    XL:     4   Next: 37%
Magic:  4/4        EV:  5    Int:  9    God:
Gold:   174        SH:  0    Dex: 15    Spells: 3/3 levels left

rFire   . . .      SeeInvis .   a - +0 quarterstaff
rCold   . . .      Faith    .   (shield currently unavailable)
rNeg    . . .      Spirit   .   A - +0 plate armour
rPois   .          Reflect  .   c - +0 helmet
rElec   .          Harm     .   f - +0 cloak
rCorr   .          Rampage  .   (no gloves)
Will    .....                   n - +0 pair of boots
Stlth   ..........              (no amulet)
HPRegen 0.11/turn               g - +4 ring of protection
MPRegen 0.09/turn               (no ring)

@: lethally poisoned (-1 -> -23)
A: foul stench 1, weakness stinger 1
a: no special abilities


You were on level 4 of the Dungeon.
You visited 1 branch of the dungeon, and saw 4 of its levels.

You collected 174 gold pieces.

Inventory:

Hand Weapons
 a - a +0 quarterstaff (weapon)
Missiles
 d - 3 throwing nets (quivered)
 e - a javelin
 p - 7 poisoned darts
 z - 6 curare-tipped darts
Armour
 b - a +0 leather armour
 c - a +0 helmet (worn)
 f - a +0 cloak (worn)
 n - a +0 pair of boots (worn)
 q - a +0 ring mail
 A - a +0 plate armour (worn)
Jewellery
 g - a +4 ring of protection (left hand)
 s - a ring of ice
 t - a +6 ring of intelligence
 B - a +4 ring of evasion
Scrolls
 j - a scroll of vulnerability {unknown}
 l - 2 scrolls of enchant weapon {unknown}
 m - 2 scrolls of teleportation {unknown}
 r - 4 scrolls of identify {unknown}
 v - a scroll of poison {unknown}
 y - a scroll of torment {unknown}
Potions
 h - a potion of ambrosia {unknown}
 i - 2 potions of curing {unknown}
 k - a potion of mutation {unknown}
 o - 3 potions of flight {unknown}
 u - a potion of might {unknown}
 w - a potion of heal wounds {unknown}
 x - a potion of berserk rage {unknown}
 C - a potion of invisibility {unknown}


   Skills:
 + Level 2.7 Fighting
 + Level 3.1 Staves
 + Level 2.4 Throwing
 + Level 1.4 Armour
 + Level 3.2 Dodging


You had 3 spell levels left.
You didn't know any spells.
Your spell library contained the following spells:

 Spells                   Type           Power      Damage    Failure   Level
 Apportation              Tloc           0%         N/A       100%        1
 Call Canine Familiar     Summ           0%         N/A       100%        3
 Frozen Ramparts          Ice            0%         1d1       100%        3
 Portal Projectile        Hex/Tloc       0%         N/A       100%        3
 Tukima's Dance           Hex            0%         N/A       100%        3
 Hailstorm                Conj/Ice       0%         3d3       100%        4
 Ice Form                 Ice/Tmut       0%         N/A       100%        4
 Leda's Liquefaction      Hex/Erth       0%         N/A       100%        4
 Summon Ice Beast         Ice/Summ       0%         N/A       100%        4
 Alistair's Intoxication  Tmut/Pois      0%         N/A       100%        5
 Blade Hands              Tmut           0%         N/A       100%        5
 Simulacrum               Ice/Necr       0%         N/A       100%        6


Dungeon Overview and Level Annotations

Branches:
Dungeon (4/15)
 Temple: D:4-7

Altars:
Fedhas
Kikubaaqudgha
Vehumet
Wu Jian

Shops:
D:1 =


Innate Abilities, Weirdness & Mutations

You may rarely emit foul miasma when damaged in melee.
You have a small tail.


Message History

Found a fizzy golden potion.
There is an open door here.
You hit the scorpion.
The scorpion is moderately wounded.
The scorpion stings you but does no damage.
You barely miss the scorpion.
The scorpion is moderately wounded.
The scorpion stings you but does no damage.
The scorpion barely misses you.
You hit the scorpion.
The scorpion is heavily wounded.
The scorpion stings you but does no damage.
You completely miss the scorpion.
The scorpion is heavily wounded.
The scorpion stings you.
You are poisoned.
The scorpion poisons you!
You hit the scorpion.
The scorpion is heavily wounded.
You feel sick.
The scorpion stings you but does no damage.
The scorpion stings you.
You are more poisoned.
The scorpion poisons you!
You closely miss the scorpion.
The scorpion is heavily wounded.
You feel very sick. The scorpion stings you.
You are more poisoned.
The scorpion poisons you!
You completely miss the scorpion.
The scorpion is heavily wounded.
* * * LOW HITPOINT WARNING * * *
You feel extremely sick.
The scorpion stings you but does no damage.
The scorpion stings you.
* * * LOW HITPOINT WARNING * * *
You hit the scorpion.
The scorpion is heavily wounded.
You die...

#.###.#.###.##..###.#
#.#.........##..###.#
#.#.#.#.###.##...##.#######
#.....#.###...............#
###.### .........##.#####.#
#.# ###.###[###.# ####.##
#.###.###.# #.....#
#.........# #.###.#
#####@##### # #.# #.s.# #<#
#!....# #......# #.......#
###.#...# #.........#
......... +.........+ ###
#...####.........# ##.##
##.......## .#


You could see a scorpion.

Vanquished Creatures
  4 adders
  2 orcs (D:4)
  8 endoplasms
  A giant cockroach (D:1)
  6 goblins
  7 hobgoblins
  3 jackals (D:3)
  2 kobolds (D:2)
  4 quokkas
  5 ball pythons
  4 bats
  3 frilled lizards
  A rat (D:2)
50 creatures vanquished.

Notes
Turn   | Place    | Note
-------+----------+-------------------------------------------
     0 | D:1      | GorkyZ the Demonspawn Gladiator began the quest for the
                  | Orb.
     0 | D:1      | Reached XP level 1. HP: 16/16 MP: 1/1
   190 | D:1      | Gained mutation: You have a small tail. [demonic ancestry]
   190 | D:1      | Reached XP level 2. HP: 6/22 MP: 2/2
   647 | D:1      | Found Kigoxton's Jewellery Shoppe.
   821 | D:1      | Reached XP level 3. HP: 27/28 MP: 3/3
  1049 | D:2      | Reached skill level 1 in Armour
  1731 | D:3      | Gained mutation: You may rarely emit foul miasma when
                  | damaged in melee. [demonic ancestry]
  1731 | D:3      | Reached XP level 4. HP: 34/34 MP: 4/4
  1735 | D:3      | Found a radiant altar of Vehumet.
  1815 | D:3      | Found a blossoming altar of Fedhas.
  2080 | D:3      | Found an ancient bone altar of Kikubaaqudgha.
  2099 | D:3      | Found a faded altar of an unknown god.
  2314 | D:4      | Found an ornate altar of the Wu Jian Council.
  2498 | D:4      | Noticed a scorpion
  2507 | D:4      | Succumbed to a scorpion's poison

Illustrated notes

Levels and vault maps discovered:
D:1:      dpeg_arrival_radiant, layout_rooms, serial_shops,
          nicolae_shop_crystal, minmay_misc_feat_square
D:2:      layout_loops_cross
D:3:      layout_rooms, mainiacjoe_overflow_paths,
          mainiacjoe_overflow_small_starburst, old_standard_altar,
          shapermc_ecumenical_altar_gd
D:4:      layout_loops_corners, old_standard_altar,
          minmay_temple_entry_mini_moons, lightli_corner_chamber

Skill      XL: |  1  2  3 |
---------------+----------+-----
Throwing       | 2 |  2.4
Dodging        | 3 |  3.2
Armour         | 1 |  1.4
Staves         | 3 |  3.1
Fighting       | |  2.7

Action                   |  1- 3 |  4- 6 || total
-------------------------+-------+-------++-------
Melee: Quarterstaff      |    78 |    53 ||   131
       Tailslap          |     5 |     6 ||    11
Armor: Leather armour    |    20 |       ||    20
       Ring mail         |     9 |    29 ||    38
       Plate armour      |       |    15 ||    15
Dodge: Dodged            |    57 |    51 ||   108
